 Dungeon Crawl Stone Soup version 0.29-a0-418-gc0181ea820 (webtiles) character file.

Game seed: 11989837648011072926

2 xian the Slasher (level 1, 0/21 HPs)
             Began as a Naga Berserker on May 17, 2022.
             Was a Follower of Trog.
             Slain by a jackal (2 damage)
             ... on level 1 of the Dungeon.
             The game lasted 00:00:33 (48 turns).

xian the Slasher (Naga Berserker)                     Turns: 48, Time: 00:00:34

Health: 0/21       AC:  1    Str: 19    XL:     1   Next: 40%
Magic:  1/1        EV:  9    Int:  7    God:    Trog [*.....]
Gold:   4          SH:  0    Dex: 10    Spells: 0/0 levels left

rFire   . . .      SeeInvis +   a - +0 falchion
rCold   . . .      Faith    .   (no shield)
rNeg    . . .      Spirit   .   b - +0 animal skin
rPois   +          Reflect  .   (no helmet)
rElec   .          Harm     .   (no cloak)
rCorr   .          Rampage  .   (no gloves)
Will    .....                   (no barding)
Stlth   +.........              (no amulet)
HPRegen 0.07/turn               (no ring)
MPRegen 0.07/turn               (no ring)

@: very slow
A: AC +0, large, see invisible, deformed body, poison resistance, slowness 2,
spit poison 1, naga tail 1
a: Spit Poison, Renounce Religion, Berserk


You were on level 1 of the Dungeon.
You worshipped Trog.
Trog was aware of your devotion.
You visited 1 branch of the dungeon, and saw 1 of its levels.

You collected 4 gold pieces.

Inventory:

Hand Weapons
 a - a +0 falchion (weapon)
Armour
 b - a +0 animal skin (worn)


   Skills:
 + Level 3.0 Fighting
 + Level 3.0 Long Blades
 + Level 1.6 Armour
 + Level 1.5 Dodging


You couldn't memorise any spells.
You didn't know any spells.
Your spell library was empty.

Dungeon Overview and Level Annotations

Branches:
Dungeon (1/15)

Altars:


Innate Abilities, Weirdness & Mutations

Your serpentine skin is tough. (AC +0)
You have supernaturally acute eyesight. (SInv)
Armour fits poorly on your strangely shaped body.
Your system is resistant to poisons. (rPois)
You cover ground very slowly.
You can spit poison.
You have a snake-like lower body.


Message History

You have got your breath back.
You now have 4 gold pieces. 2 jackals come into view.
The splash of poison hits the jackal!
The jackal is poisoned.
You kill the jackal!
Trog accepts your kill.
A jackal comes into view.
The jackal moves out of view.
A jackal is nearby!
You can't see any hostile targets in range.
A jackal comes into view.
The jackal barks!
The jackal bites you. x2
You hit the jackal.
The jackal is almost dead.
The jackal bites you.
A bat comes into view.
The jackal closely misses you. The jackal barely misses you.
You closely miss the jackal.
The jackal is almost dead.
The jackal bites you. The jackal barely misses you.
The jackal closely misses you. The jackal bites you.
The jackal barely misses you.
You barely miss the jackal.
The jackal is almost dead.
You have got your breath back.
The bat hits you. The jackal barely misses you. The jackal bites you. x2
The jackal barely misses you. The jackal bites you.
You barely miss the jackal.
The jackal is almost dead.
The bat hits you but does no damage. The jackal bites you.
* * * LOW HITPOINT WARNING * * *
The jackal bites you.
* * * LOW HITPOINT WARNING * * *
The jackal barely misses you. The jackal bites you.
* * * LOW HITPOINT WARNING * * *
The bat hits you but does no damage. The bat barely misses you.
The jackal bites you but does no damage.
The jackal bites you.
You die...

... #.........# ..
#..######.##########
.#+##..### ##.#........#
.#.##....# #...........#
.#.##.##.###.†#.##.....
................# ...#
.#.##.######....##...#.##
.#.##.# #....h...†....
......# #.#..@hhb...#
#[.##.# #.#.........#
#.>..... .....#####.#.#
........# ##.#.. # #
###..........#.#
.#######. #. #.# # .#


You could see 3 jackals and a bat.

Vanquished Creatures
  A jackal (D:1)
  A quokka (D:1)
2 creatures vanquished.

Notes
Turn   | Place    | Note
-------+----------+-------------------------------------------
     0 | D:1      | xian the Naga Berserker began the quest for the Orb.
     0 | D:1      | Reached XP level 1. HP: 21/21 MP: 1/1
    48 | D:1      | Slain by a jackal

Illustrated notes

Levels and vault maps discovered:
D:1:      ncdulo_lavacross, layout_basic, chequers_ecumenical_altar_simple

Action                   || total
-------------------------++-------
Melee: Falchion          ||     4
 Abil: Spit Poison       ||     2
Armor: Animal skin       ||     3
Dodge: Dodged            ||     9

Table legend: (Time is in decaauts)
 A = Elapsed time spent in this place.
 B = Non-inter-level travel time spent in this place.
 C = Inter-level travel time spent in this place.
 D = Time resting spent in this place.
 E = Time spent auto-exploring this place.
 F = Levels seen in this place.
 G = Mean time per level.
                   A        B        C        D        E       F      G
               +--------+--------+--------+--------+--------+-----+--------+
         Total |     64 |     64 |      0 |      0 |     44 |   1 |   64.0 |
       Dungeon |     64 |     64 |      0 |      0 |     44 |   1 |   64.0 |
               +--------+--------+--------+--------+--------+-----+--------+

Top non-repeatable levels by time:
     D:1: 64 daAuts
